 Dungeon Crawl Stone Soup version 0.23-a0-639-ga9a3373 (webtiles) character file.

469 Leeroy the Slasher (level 6, -1/48 HPs)
             Began as a Draconian Skald on Dec 29, 2018.
             Was an Initiate of Okawaru.
             Slain by an ice beast (13 damage)
             ... on level 5 of the Dungeon.
             The game lasted 00:10:53 (4444 turns).

Leeroy the Slasher (Draconian Skald)                Turns: 4444, Time: 00:10:54

Health: -1/48      AC:  8    Str: 16    XL:     6   Next: 82%
Magic:  9/9        EV: 12    Int: 16    God:    Okawaru [......]
Gold:   355        SH:  5    Dex: 10    Spells: 2/9 levels left

rFire    . . .     SeeInvis .   d - +1 short sword (venom)
rCold    . . .     Gourm    .   J - +0 buckler
rNeg     . . .     Faith    .   (armour unavailable)
rPois    .         Spirit   .   (helmet restricted)
rElec    .         Reflect  +   t - +0 cloak
rCorr    .         Harm     .   x - +0 pair of gloves
MR       .....                  (no boots)
Stlth    +.........             G - +2 amulet of reflection
HPRegen  0.16/turn              D - +3 ring of strength
MPRegen  0.11/turn              i - ring of wizardry

@: no status effects
A: unfitting armour, cold-blooded, AC +6
a: Renounce Religion


You were on level 5 of the Dungeon.
You worshipped Okawaru.
Okawaru was noncommittal.
You were not hungry.

You visited 2 branches of the dungeon, and saw 6 of its levels.

You collected 355 gold pieces.

Inventory:

Hand Weapons
 a - a +0 falchion
 d - a +1 short sword of venom (weapon)
 e - a +0 hand axe
 r - a +0 spear
 B - a +0 whip of electrocution
Missiles
 k - 214 stones (quivered)
 m - 7 poisoned needles
 p - 68 bolts
 s - 15 sling bullets
 z - 42 arrows
Armour
 t - a +0 cloak (worn)
 x - a +0 pair of gloves (worn)
 J - a +0 buckler (worn)
Jewellery
 g - an uncursed ring of attention
 i - a ring of wizardry (right hand)
 j - an uncursed ring of ice
 y - an uncursed ring of resist corrosion
 C - an uncursed ring of protection from fire
 D - a +3 ring of strength (left hand)
 G - a +2 amulet of reflection (around neck)
Wands
 I - a wand of iceblast (9)
Scrolls
 b - 2 scrolls of magic mapping {unknown}
 f - 4 scrolls of remove curse
 o - 4 scrolls of identify {unknown}
 v - 2 scrolls of enchant weapon {unknown}
 w - 2 scrolls of amnesia {unknown}
 F - a scroll of teleportation {unknown}
 K - a scroll of fear {unknown}
 L - a scroll of fog {unknown}
Potions
 h - 2 potions of heal wounds {unknown}
 l - 3 potions of lignification {unknown}
 n - a potion of haste
 q - a potion of invisibility {unknown}
 u - 2 potions of brilliance {unknown}
 A - a potion of resistance {unknown}
 E - 2 potions of curing
Comestibles
 c - 10 rations
 H - 4 chunks of flesh


   Skills:
 - Level 2.1 Fighting
 - Level 1.5(4.6) Short Blades
 * Level 6.8(7.0) Long Blades
 - Level 0.1 Maces & Flails
 - Level 2.1 Dodging
 * Level 1.7 Shields
 - Level 2.0 Spellcasting
 - Level 2.6 Charms


You had 2 spell levels left.
You knew the following spells:

 Your Spells              Type           Power        Failure   Level  Hunger
a - Infusion              Chrm           ##..         3%          1    #......
b - Spectral Weapon       Hex/Chrm       #.......     19%         3    ###....
c - Regeneration          Chrm/Necr      #.........   19%         3    ###....

Your spell library contained the following spells:

 Spells                   Type           Power        Failure   Level  Hunger
 Song of Slaying          Chrm           ##......     6%          2    ###....
 Shroud of Golubria       Chrm/Tloc      #.........   10%         2    ###....


Dungeon Overview and Level Annotations

Branches:
Dungeon (5/15)             Temple (1/1) D:4

Altars:
Ashenzari
Cheibriados
Dithmenos
Elyvilon
Fedhas
Gozag
Hepliaklqana
Kikubaaqudgha
Makhleb
Nemelex Xobeh
Okawaru
Sif Muna
Trog
Uskayaw
Vehumet
Wu Jian
Xom
Yredelemnul
Zin
The Shining One

Annotations:
D:5 Dowan


Innate Abilities, Weirdness & Mutations

Your plain brown scales are hard. (AC +6)
You cannot fit into any form of body armour.
You are cold-blooded and may be slowed by cold attacks.


Message History

The ice beast misses you.
You hit the ice beast.
The ice beast is moderately wounded.
The ice beast hits you but does no damage.
You hit the ice beast.
You tail-slap the ice beast, but do no damage.
The ice beast is heavily wounded.
The ice beast hits you. The ice beast freezes you.
You feel yourself slow down.
* * * LOW HITPOINT WARNING * * *
You feel yourself speed up. You block the ice beast's attack.
Some of the chunks of flesh in your inventory have rotted away.
Found a robe.
Found a stone staircase leading down.
There is a stone staircase leading up here.
Dowan, Brother of Duvessa comes into view.
He is wielding a +2 dagger of
Found a scroll labeled YQAMU FACEPRATS.
The ice beast hits you.
* * * LOW HITPOINT WARNING * * *
The ice beast freezes you!
You die...

####.............#####
#...............>)...#
#.#.........###...#..#
#...........# #...#..#
>...##........###......##
[##. #<..........##..#..#
#........##..#.....#
#.##..Y.....###.......#.
#......@....# #..#......
#..#........# #.##...###
#....#######.## #.
#...### .... .# #.
#...... .... ## #.#.##.
..e #. #...# #
.####.####>.###
...............
....##.........


You could see an ice beast.

Vanquished Creatures
  A crimson imp (D:5)
  An orc priest (D:4)
  2 orc wizards
  An iguana (D:5)
  Terence (D:3)
  Natasha (thrice) (D:2)
  2 worker ants
  4 adders
  A howler monkey skeleton (D:4)
  4 oozes
  4 worms
  A dart slug (D:2)
  A leopard gecko (D:4)
  10 orcs
  A ball python (D:1)
  6 giant cockroaches
  8 goblins
  5 hobgoblins
  12 jackals
  4 quokkas
  6 bats
  5 frilled lizards
  8 kobolds
  2 rats
93 creatures vanquished.

Notes
Turn   | Place    | Note
-------+----------+-------------------------------------------
     0 | D:1      | Leeroy the Draconian Skald began the quest for the Orb.
     0 | D:1      | Reached XP level 1. HP: 17/17 MP: 3/3
   551 | D:1      | Reached XP level 2. HP: 24/24 MP: 5/5
   646 | D:1      | Reached skill level 1 in Short Blades
  1273 | D:2      | Reached skill level 3 in Long Blades
  1275 | D:2      | Reached XP level 3. HP: 22/29 MP: 6/6
  1284 | D:2      | Learned a level 3 spell: Spectral Weapon
  1440 | D:2      | Noticed Natasha
  1446 | D:2      | Killed Natasha
  1446 | D:2      | Reached XP level 4. HP: 26/36 MP: 7/7
  1501 | D:2      | Reached skill level 4 in Long Blades
  1541 | D:2      | Learned a level 3 spell: Regeneration
  2025 | D:2      | Noticed Natasha
  2032 | D:2      | Killed Natasha
  2299 | D:3      | Found a shadowy altar of Dithmenos.
  2329 | D:3      | Noticed Terence
  2342 | D:3      | Killed Terence
  2342 | D:3      | Reached skill level 5 in Long Blades
  2342 | D:3      | Reached XP level 5. HP: 40/41 MP: 8/8
  2883 | D:2      | Noticed Natasha
  2896 | D:2      | Killed Natasha
  3188 | D:4      | Found a staircase to the Ecumenical Temple.
  3200 | Temple   | Entered the Ecumenical Temple
  3275 | Temple   | Became a worshipper of Warmaster Okawaru
  3410 | D:4      | Reached skill level 6 in Long Blades
  3410 | D:4      | Reached XP level 6. HP: 25/48 MP: 9/9
  4256 | D:5      | Entered Level 5 of the Dungeon
  4341 | D:5      | Reached skill level 1 in Shields
  4415 | D:5      | Noticed an ice beast
  4441 | D:5      | Noticed Dowan
  4444 | D:5      | Slain by an ice beast

Vault maps used:
D:1:      minmay_arrival_jagged
D:2:      kennysheep_nub, uniq_natasha
D:3:      first_ration, nicolae_dithmenos_shadow_blocks, uniq_terence
D:4:      minmay_temple_entry_glass
D:5:      minmay_general_purpose_star, uniq_duvessa
Temple:   regret_index_temple_chain_breaker

Skill      XL: |  1  2  3  4  5  6 |
---------------+-------------------+-----
Short Blades   | 1 |  1.5
Long Blades    | 3 5 6 |  6.8
Shields        | 1 |  1.7
Fighting       | |  2.1
Maces & Flails | |  0.1
Dodging        | |  2.1
Spellcasting   | |  2.0
Charms         | |  2.6

Action                   |  1- 3 |  4- 6 || total
-------------------------+-------+-------++-------
Melee: Short sword       |    80 |   230 ||   310
       Falchion          |     6 |       ||     6
       Tailslap          |     7 |    29 ||    36
       Whip              |       |    14 ||    14
 Cast: Spectral Weapon   |       |     1 ||     1
  Use: Scroll            |       |     2 ||     2
  Eat: Chunk             |     2 |     6 ||     8
       Ration            |       |     1 ||     1
Armor: Skin              |    27 |    70 ||    97
Dodge: Dodged            |    63 |   161 ||   224
Block: Other             |       |     6 ||     6
       Buckler           |       |     9 ||     9
       Rpst.: Falchion   |     3 |       ||     3

Table legend:
 A = Non-vault XP
 B = Vault XP
 C = Vault XP percentage of total XP
 D = Non-vault monster count
 E = Vault monster count
 F = Vault count percentage of total count
                 A         B        C        D         E       F
            +---------+---------+-------+---------+---------+-------
      Total |     599 |      71 |  10.6 |      91 |       2 |   2.2
            +---------+---------+-------+---------+---------+-------
        D:1 |      34 |       0 |   0.0 |      16 |       0 |   0.0
        D:2 |     149 |      35 |  19.0 |      26 |       1 |   3.7
        D:3 |      85 |      36 |  29.8 |      16 |       1 |   5.9
        D:4 |     189 |       0 |   0.0 |      25 |       0 |   0.0
        D:5 |     140 |       0 |   0.0 |       7 |       0 |   0.0
     Temple |       2 |       0 |   0.0 |       1 |       0 |   0.0
            +---------+---------+-------+---------+---------+-------
